 Dungeon Crawl Stone Soup version 0.30-a0-469-g84de5afbc5 (webtiles) character file.

Game seed: 9636458270199528093

42 bmack86 the Covered (level 3, -1/33 HPs)
             Began as a Minotaur Fighter on Dec 19, 2022.
             Killed by divine providence
             ... invoked by an orc priest
              (12 damage)
             ... on level 2 of the Dungeon.
             The game lasted 00:03:30 (1188 turns).

bmack86 the Covered (Minotaur Fighter)              Turns: 1188, Time: 00:03:31

Health: -1/33      AC:  7    Str: 28    XL:     3   Next: 33%
Magic:  2/2        EV:  9    Int:  5    God:
Gold:   75         SH:  5    Dex: 15    Spells: 2/2 levels left

rFire   . . .      SeeInvis .    a - +0 war axe
rCold   . . .      Faith    .    c - +0 buckler
rNeg    . . .      Spirit   .    b - +0 scale mail
rPois   .          Reflect  .    (helmet restricted)
rElec   .          Harm     .    (no cloak)
rCorr   .          Rampage  .    (no gloves)
Will    .....                    (no boots)
Stlth   ..........               (no amulet)
HPRegen 0.25/turn                k - +6 ring of dexterity
MPRegen 0.08/turn                h - +6 ring of strength

@: no status effects
A: horns 2, retaliatory headbutt
a: no special abilities


You were on level 2 of the Dungeon.
You visited 1 branch of the dungeon, and saw 2 of its levels.

You collected 75 gold pieces.

Inventory:

Hand Weapons
 a - a +0 war axe (weapon)
 e - a +0 vampiric trident
Missiles
 i - 6 silver boomerangs (quivered)
Armour
 b - a +0 scale mail (worn)
 c - a +0 buckler (worn)
Jewellery
 g - a ring of wizardry
 h - a +6 ring of strength (right hand)
 k - a +6 ring of dexterity (left hand)
Scrolls
 f - 4 scrolls of teleportation
 l - a scroll of enchant armour {unknown}
Potions
 d - a potion of might
 j - a potion of brilliance {unknown}
 m - a potion of ambrosia {unknown}


   Skills:
 + Level 4.0 Fighting
 + Level 3.3 Axes
 + Level 4.2 Armour
 + Level 4.0 Shields


You had 2 spell levels left.
You didn't know any spells.
Your spell library contained the following spells:

 Spells                   Type           Power      Damage    Failure   Level
 Ignite Poison            Fire/Tmut/Pois 0%         N/A       99%         3
 Sticky Flame             Conj/Fire      0%         2d3       100%        4
 Iskenderun's Battlesphe  Conj           0%         2d6       100%        5
 Iron Shot                Conj/Erth      0%         9d1       100%        6
 Spellforged Servitor     Conj/Summ      0%         N/A       100%        7
 Ignition                 Fire           0%         3d3       100%        8


Dungeon Overview and Level Annotations

Branches:
Dungeon (2/15)

Altars:


Innate Abilities, Weirdness & Mutations

You have a pair of horns on your head.
You reflexively headbutt those who attack you in melee.


Message History

An orc comes into view. It is wielding a +1 vorpal hand axe.
The orc priest calls down the wrath of Beogh upon you.
Beogh smites you!
You hit the orc priest.
The orc priest is lightly wounded.
The orc priest mumbles some strange prayers to Beogh against you.
Beogh smites you!
The orc priest mumbles some strange prayers to Beogh against you.
Pain shoots through your body!
You slash the orc priest!
The orc priest is severely wounded.
The orc priest hits you with a +0 club.
* * * LOW HITPOINT WARNING * * *
You barely miss the orc priest.
The orc priest is severely wounded.
The orc priest barely misses you.
An endoplasm comes into view.
The endoplasm quivers.
You hit the adder. Your headbutt misses the adder.
The adder is heavily wounded.
You closely miss the orc priest. The adder bites you but does no damage.
The orc priest hits you but does no damage.
You slash the adder!
You kill the adder!
You barely miss the orc priest.
An endoplasm comes into view.
The orc priest misses you.
Your Axes skill increases to level 3!
The endoplasm quivers.
You slash the orc!
You kill the orc!
You closely miss the orc priest.
The orc priest hits you but does no damage.
The orc hits you but does no damage. The orc priest barely misses you.
You barely miss the orc priest.
The orc priest is severely wounded.
You closely miss the orc.
The orc priest calls down the wrath of Beogh upon you.
Beogh smites you!
You die...

.S..
###########
....
#...'.#...#
..J..
#.###.#.8.#
....
#.#.†.#...#
...
#.#.#####'#
#o###
#.#...##.##
#.o@#
#.###'###.#
###o#
#.'.##)##.#
#.#
###.###..##
#.#
#....#####
#.#
#.##.)...#
#.#
#.#..###.#
#.#
#...##...#
#.#
#.######'###
#.#
#.....#.##


You could see an orc priest, 2 orcs and an endoplasm.

Vanquished Creatures
  2 adders (D:2)
  An orc (D:2)
  2 endoplasms
  2 giant cockroaches (D:2)
  A ball python (D:1)
  A bat (D:1)
  2 frilled lizards
  5 goblins
  5 kobolds
  4 rats (D:1)
25 creatures vanquished.

Notes
Turn   | Place    | Note
-------+----------+-------------------------------------------
     0 | D:1      | bmack86 the Minotaur Fighter began the quest for the Orb.
     0 | D:1      | Reached XP level 1. HP: 19/19 MP: 0/0
   630 | D:1      | Reached XP level 2. HP: 27/27 MP: 1/1
  1121 | D:2      | Reached XP level 3. HP: 33/33 MP: 2/2
  1188 | D:2      | Killed from afar by an orc priest

Illustrated notes

Levels and vault maps discovered:
D:1:      lemuel_arrival_room, layout_basic, minmay_tetromino_t2
D:2:      minmay_chambers_of_ones, layout_rooms, minmay_vboxes

Skill      XL: |  1  2  3 |
---------------+----------+-----
Shields        | 4 |  4.0
Fighting       | 4 |  4.0
Armour         | 4 |  4.2
Axes           | 3 |  3.3

Action                   || total
-------------------------++-------
Melee: War axe           ||    56
       Headbutt          ||     3
  Use: Scroll            ||     2
Armor: Scale mail        ||    32
Dodge: Dodged            ||    27
Block: Buckler           ||     7

Table legend: (Time is in decaauts)
 A = Elapsed time spent in this place.
 B = Non-inter-level travel time spent in this place.
 C = Inter-level travel time spent in this place.
 D = Time resting spent in this place.
 E = Time spent auto-exploring this place.
 F = Levels seen in this place.
 G = Mean time per level.
                   A        B        C        D        E       F      G
               +--------+--------+--------+--------+--------+-----+--------+
         Total |   1207 |   1174 |     33 |      0 |    891 |   2 |  603.5 |
       Dungeon |   1207 |   1174 |     33 |      0 |    891 |   2 |  603.5 |
               +--------+--------+--------+--------+--------+-----+--------+

Top non-repeatable levels by time:
     D:1: 993 daAuts
     D:2: 214 daAuts
